 Dungeon Crawl Stone Soup version 0.20-a0-738-gb057e68 (webtiles) character file.

509 Amciq the Cudgeler (level 6, -1/57 HPs)
             Began as a Minotaur Fighter on Feb 23, 2017.
             Slain by an ice beast (13 damage)
             ... on level 4 of the Dungeon.
             The game lasted 00:08:28 (2985 turns).

Amciq the Cudgeler (Minotaur Fighter)               Turns: 2985, Time: 00:08:29

Health: -1/57      AC:  6    Str: 21    XL:     6   Next: 98%
Magic:  5/5        EV:  7    Int:  5    God:
Gold:   203        SH:  9    Dex: 11    Spells: 5/5 levels left

rFire    . . .     SeeInvis .   a - +1 flail
rCold    . . .     Gourm    .   b - +0 scale mail
rNeg     . . .     Faith    .   c - +0 shield
rPois    .         Spirit   .   (helmet restricted)
rElec    .         Reflect  .   (no cloak)
rCorr    .         Harm     .   (no gloves)
MR       .....     Clarity  +   (no boots)
Stlth    ..........             (no amulet)
Regen    0.2/turn               (no ring)
MPRegen  0.1/turn               (no ring)

@: no status effects
A: retaliatory headbutt, horns 2, clarity, wild magic 1
a: no special abilities


You were on level 4 of the Dungeon.
You were not hungry.

You visited 1 branch of the dungeon, and saw 5 of its levels.

You collected 203 gold pieces.

Inventory:

Hand Weapons
 a - a +1 flail (weapon)
Armour
 b - a +0 scale mail (worn)
 c - a +0 shield (worn)
Jewellery
 g - an uncursed ring of poison resistance {unknown}
Scrolls
 e - a scroll of identify
Potions
 l - 2 potions of magic
 p - a potion of mutation
 q - a potion of ambrosia
 t - a potion of resistance
Comestibles
 d - 4 fruits
 f - a bread ration
 k - 3 royal jellies
 s - 2 meat rations


   Skills:
 + Level 6.2 Fighting
 * Level 7.6 Maces & Flails
 - Level 3.6 Armour
 - Level 3.6 Shields


You had 5 spell levels left.
You didn't know any spells.

Dungeon Overview and Level Annotations

Branches:
Dungeon (5/15)
 Temple: D:4-7

Altars:
The Shining One

Annotations:
D:4 plsesad's ghost, amateur NaMo
D:5 Grinder


Innate Abilities, Weirdness & Mutations

You reflexively headbutt those who attack you in melee.
You have a pair of horns on your head.
You possess an exceptional clarity of mind.
Your spells are a little harder to cast, but a little more powerful.


Message History

* * * LOW HITPOINT WARNING * * *
There is a stone staircase leading up here.
The ice beast misses you.
You climb upwards.
Level annotation: plsesad's ghost, amateur NaMo
Found 21 gold pieces.
There is a stone staircase leading down here.
You hit the ice beast but do no damage.
You headbutt the ice beast, but do no damage.
The jackal bites you but does no damage.
The ice beast barely misses you.
You feel better. The jackal barely misses you.
You block the ice beast's attack.
You hit the ice beast.
The ice beast is lightly wounded.
The jackal barely misses you. You block the jackal's attack.
The ice beast hits you.
* * * LOW HITPOINT WARNING * * *
The ice beast freezes you!
You die...

####.####
#.....Y@#
#.##.##h#
#.# #.#
#$# #.#
..# ###


You could see an ice beast and a jackal.

Vanquished Creatures
  The ghost of plsesad the Slasher, an amateur BaGl (D:3)
  An ice beast (D:3)
  An ogre (D:4)
  A howler monkey (D:3)
  7 adders
  2 oozes
  4 worms
  3 leopard geckos
  An orc (D:3)
  7 bats
  6 giant cockroaches
  8 goblins
  12 hobgoblins
  11 frilled lizards
  8 kobolds
  8 rats
81 creatures vanquished.

Notes
Turn   | Place    | Note
-------+----------+-------------------------------------------
     0 | D:1      | Amciq the Minotaur Fighter began the quest for the Orb.
     0 | D:1      | Reached XP level 1. HP: 19/19 MP: 0/0
    94 | D:1      | Reached XP level 2. HP: 26/27 MP: 1/1
   114 | D:1      | Reached skill level 3 in Maces & Flails
   769 | D:1      | Reached XP level 3. HP: 32/33 MP: 2/2
   826 | D:2      | Reached skill level 4 in Maces & Flails
  1132 | D:2      | Reached XP level 4. HP: 39/41 MP: 3/3
  1211 | D:2      | Found a glowing golden altar of the Shining One.
  1483 | D:3      | Noticed plsesad's ghost (amateur BaGl)
  1505 | D:3      | Killed plsesad's ghost
  1505 | D:3      | Reached skill level 5 in Fighting
  1505 | D:3      | Reached skill level 6 in Maces & Flails
  1505 | D:3      | Reached XP level 5. HP: 18/48 MP: 4/4
  1817 | D:3      | Reached XP level 6. HP: 56/56 MP: 5/5
  2078 | D:3      | Noticed an ice beast
  2090 | D:3      | Killed an ice beast
  2090 | D:3      | Reached skill level 7 in Maces & Flails
  2894 | D:4      | Noticed plsesad's ghost (amateur NaMo)
  2897 | D:4      | Gained mutation: You possess an exceptional clarity of mind. [potion of mutation]
  2897 | D:4      | Gained mutation: Your spells are a little harder to cast, but a little more powerful. [potion of mutation]
  2952 | D:5      | Entered Level 5 of the Dungeon
  2952 | D:5      | Noticed Grinder
  2953 | D:5      | Paralysed by Grinder for 5 turns
  2973 | D:5      | Noticed an ice beast
  2980 | D:5      | HP: 1/57 [ice beast (10)]
  2985 | D:4      | Slain by an ice beast

Vault maps used:
D:1:      minmay_arrival_doors, hex_medium, hangedman_decor_lopped
D:2:      minmay_splitting_lines, tso_metal_star
D:4:      lemuel_zombie_altar_kikubaaqudgha
D:5:      minmay_temple_entry_hall, serial_shops, nicolae_shop_statue_plus,
          first_bread, serial_bayou_lagoon_b, uniq_grinder

Skill      XL: |  1  2  3  4  5  6 |
---------------+-------------------+-----
Fighting       | 4 5 6 |  6.2
Maces & Flails | 3 4 6 7 |  7.6
Armour         | |  3.6
Shields        | |  3.6

Action                   |  1- 3 |  4- 6 || total
-------------------------+-------+-------++-------
Melee: Flail             |   111 |   120 ||   231
       Headbutt          |    17 |    21 ||    38
  Use: Potion            |       |     6 ||     6
       Scroll            |       |     7 ||     7
  Eat: Chunk             |     1 |     6 ||     7
Armor: Scale mail        |    46 |    44 ||    90
Dodge: Dodged            |    35 |    36 ||    71
Block: Shield            |    52 |    57 ||   109
